 Dungeon Crawl Stone Soup version 0.31-a0-702-gf82c85558f (webtiles) character file.

Game seed: 17952290828654894716

210 qw the Shooter (level 5, -1/33 HPs)
             Began as a Gargoyle Hunter on Sept 7, 2023.
             Slain by a gnoll
             ... wielding a +0 halberd
              (13 damage)
             ... on level 3 of the Dungeon.
             The game lasted 00:00:48 (1847 turns).

qw the Shooter (Gargoyle Hunter)                    Turns: 1847, Time: 00:00:48

Health: -1/33      AC:  9    Str: 15    XL:     5   Next: 88%
Magic:  0/0        EV: 11    Int:  9    God:
Gold:   51         SH:  0    Dex: 15    Spells: 4/4 levels left

rFire   + . .        l - +7 sling of Conflict {drain, rElec rF+ MP-9}
rCold   . . .        (no shield)
rNeg    + . .        c - +0 leather armour
rPois   inf          (no helmet)
rElec   +            h - +0 cloak
rCorr   .            (no gloves)
SInv    .            k - +0 pair of boots
Will    .....        a - amulet of guardian spirit
Stlth   ++           (no ring)
HPRegen 0.25/turn    (no ring)
MPRegen 0.07/turn

%: guardian spirit
@: no status effects
A: sickness immunity, AC +4, negative energy resistance 1, electricity
resistance, torment resistance 1, petrification resistance
a: no special abilities


You were on level 3 of the Dungeon.
You visited 1 branch of the dungeon, and saw 3 of its levels.

You collected 51 gold pieces.


Innate Abilities, Weirdness & Mutations

You are immune to sickness and miasma.
Your stone body is resilient. (AC +4)
You are immune to poison.
You resist negative energy. (rN+)
You are resistant to electric shocks. (rElec)
You are resistant to unholy torment.
You are immune to petrification.


   Skills:
 + Level 3.8 Fighting
 - Level 6.1 Ranged Weapons
 - Level 1.0 Armour
 - Level 1.5 Dodging
 - Level 1.1 Stealth


You had 4 spell levels left.
You didn't know any spells.
Your spell library was empty.

Inventory:

Hand Weapons
 l - the +7 sling of Conflict (weapon) {drain, rElec rF+ MP-9}
   (You took it off a kobold on level 2 of the Dungeon)

   rF+:       It protects you from fire.
   rElec:     It insulates you from electricity.
   MP-9:      It affects your magic capacity (-9).
Armour
 c - a +0 leather armour (worn)
 h - a +0 cloak (worn)
 i - a +0 ring mail
 k - a +0 pair of boots (worn)
Jewellery
 a - an amulet of guardian spirit (around neck)
Scrolls
 b - 2 scrolls of noise {unknown}
 j - a scroll of vulnerability {unknown}
Potions
 d - a potion of heal wounds
 e - a potion of mutation {unknown}
 f - a potion of cancellation {unknown}
 g - a potion of enlightenment

Dungeon Overview and Level Annotations

Branches:
Dungeon (3/15)

Altars:
Uskayaw


Message History

You shoot a sling bullet. The sling bullet hits the gnoll.
You kill the gnoll!
The gnoll barely misses you. The gnoll closely misses you.
The kobold brigand hits you but does no damage.
You shoot a sling bullet.
The sling bullet barely misses the kobold brigand.
The gnoll closely misses you.
The kobold brigand hits you but does no damage.
You shoot a sling bullet.
The sling bullet barely misses the kobold brigand.
The gnoll closely misses you.
The kobold brigand hits you with a +0 club.
You shoot a sling bullet.
The sling bullet closely misses the kobold brigand.
The gnoll hits you from afar with a +0 halberd.
The kobold brigand barely misses you.
You shoot a sling bullet.
The sling bullet completely misses the kobold brigand.
The gnoll closely misses you.
The kobold brigand hits you with a +0 club.
You shoot a sling bullet.
The sling bullet hits the kobold brigand.
You drain the kobold brigand.
The kobold brigand is lightly wounded.
The gnoll barely misses you.
The gnoll bouda barks out a call to the hunt!
The gnoll picks up the pace!
The kobold brigand hits you but does no damage.
You shoot a sling bullet.
The sling bullet hits the kobold brigand.
The kobold brigand is lightly wounded.
Something hits you but does no damage.
The gnoll hits you from afar with a +0 halberd!
The kobold brigand barely misses you.
You shoot a sling bullet.
The sling bullet barely misses the kobold brigand.
The gnoll completely misses you. Something hits you but does no damage.
The kobold brigand barely misses you.
The gnoll hits you from afar with a +0 halberd!
You die...

~~~~~~....~~~~~~~
~~~~~~....~~~~~~~
~~~~~~.[..~~~~~~~
.................
######''''#######
#....# #....#
#....# #####
#@...#
......#K{..#
.g.gg.g....+
..gK..'....+
......#8..8#
############


You could see a kobold brigand (drained) and a gnoll (swift).

Vanquished Creatures
  2 orc priests (D:3)
  3 gnolls (D:3)
  6 adders
  A dart slug (D:2)
  7 orcs (D:3)
  5 ball pythons
  2 endoplasms
  4 hobgoblins
  4 jackals (D:3)
  8 kobolds
  4 quokkas
  5 bats
  3 frilled lizards
  8 goblins
  4 rats
66 creatures vanquished.

Notes
Turn   | Place    | Note
-------+----------+-------------------------------------------
     0 | D:1      | qw the Gargoyle Hunter began the quest for the Orb.
     0 | D:1      | Reached XP level 1. HP: 12/12 MP: 1/1
     0 | D:1      | 0 ||| qw: Version: 0.3-a-76-g4403597
     0 | D:1      | 0 ||| qw: Game counter: 838
     0 | D:1      | 0 ||| qw: Melee chars always use a shield: true
     0 | D:1      | 0 ||| qw: God list: Okawaru
     0 | D:1      | 0 ||| qw: Allow faded altars: false
     0 | D:1      | 0 ||| qw: Do Orc after clearing Dungeon:15 true
     0 | D:1      | 0 ||| qw: Do second Lair branch before Depths: true
     0 | D:1      | 0 ||| qw: Lair rune preference: random
     0 | D:1      | 0 ||| qw: Goals: Normal
     0 | D:1      | 0 ||| PLANNING D:1-11
   192 | D:1      | Reached XP level 2. HP: 17/17 MP: 2/2
   766 | D:1      | 766 ||| UPGRADING to +0 cloak.
   771 | D:1      | 771 ||| UPGRADING to +0 pair of boots.
   776 | D:1      | 776 ||| READING scroll labelled BER MOOXACSOOK.
   777 | D:1      | 777 ||| READING scroll labelled BINOSIEZAAB.
   778 | D:1      | 778 ||| DRINKING 2 green potions.
   779 | D:1      | 779 ||| DRINKING 2 puce potions.
   780 | D:1      | 780 ||| DROPPING scroll of butterflies.
   880 | D:2      | Found a hide-covered altar of Uskayaw.
   918 | D:2      | Identified the +9 mace of the Ass {freeze, Dex+3}
  1123 | D:2      | Reached XP level 3. HP: 21/21 MP: 3/3
  1179 | D:2      | Reached skill level 5 in Ranged Weapons
  1204 | D:2      | Reached skill level 3 in Fighting
  1204 | D:2      | Reached XP level 4. HP: 27/28 MP: 4/4
  1221 | D:2      | Reached skill level 1 in Armour
  1380 | D:2      | Identified the +7 sling of Conflict {drain, rElec rF+ MP-9}
  1418 | D:2      | 1418 ||| SWAPPING to +7 sling of Conflict {drain, rElec rF+
                  | MP-9}.
  1419 | D:2      | 1419 ||| DROPPING +0 shortbow.
  1493 | D:2      | 1493 ||| UPGRADING to amulet of guardian spirit.
  1498 | D:2      | 1498 ||| DROPPING ring of flight.
  1499 | D:2      | 1499 ||| READING scroll labelled RAYCESE IZAIN.
  1500 | D:2      | 1500 ||| DRINKING 2 fizzy white potions.
  1501 | D:2      | 1501 ||| DROPPING potion of brilliance.
  1587 | D:3      | Reached XP level 5. HP: 32/32 MP: 0/5
  1609 | D:3      | 1609 ||| Stepping ~*~*~tactically~*~*~ (outnumbered).
  1613 | D:3      | 1613 ||| Stepping ~*~*~tactically~*~*~ (outnumbered).
  1619 | D:3      | Reached skill level 6 in Ranged Weapons
  1639 | D:3      | 1639 ||| FLEEEEING.
  1640 | D:3      | 1640 ||| FLEEEEING.
  1641 | D:3      | 1641 ||| FLEEEEING.
  1644 | D:3      | 1644 ||| FLEEEEING.
  1645 | D:3      | 1645 ||| FLEEEEING.
  1646 | D:3      | 1646 ||| FLEEEEING.
  1647 | D:3      | 1647 ||| FLEEEEING.
  1648 | D:3      | 1648 ||| FLEEEEING.
  1650 | D:3      | 1650 ||| FLEEEEING.
  1651 | D:3      | 1651 ||| FLEEEEING.
  1652 | D:3      | 1652 ||| FLEEEEING.
  1653 | D:3      | 1653 ||| STAIRDANCE
  1677 | D:2      | 1677 ||| READING scroll labelled NIMIMO JUECO.
  1833 | D:3      | Noticed a kobold brigand
  1834 | D:3      | 1834 ||| RETREATING.
  1836 | D:3      | 1836 ||| Stepping ~*~*~tactically~*~*~ (retreating).
  1847 | D:3      | Slain by a gnoll

Levels and vault maps discovered:
D:1:      dpeg_arrival_ternary, layout_basic, grunt_decor_arrowhead,
          minmay_tripent
D:2:      layout_basic, basic_altar, hex_intersection,
          chequers_serial_rivers_room_a
D:3:      lemuel_castle_with_subvaults [lemuel_castle_interior_carwin_2],
          layout_basic, nrook_loot_triangle, uniq_robin

Skill      XL: |  1  2  3  4  5 |
---------------+----------------+-----
Ranged Weapons | 5 6 |  6.1
Fighting       | 3 |  3.8
Armour         | 1 |  1.0
Dodging        | |  1.5
Stealth        | |  1.1

Action                     |  1- 3 |  4- 6 || total
---------------------------+-------+-------++-------
   Fire: Shortbow          |    72 |    35 ||   107
         Sling             |       |    59 ||    59
    Use: Scroll            |     2 |     2 ||     4
         Potion            |     2 |     1 ||     3
 Armour: Leather armour    |    15 |    52 ||    67
  Dodge: Dodged            |    14 |    51 ||    65

Table legend:
 A = Non-vault XP
 B = Vault XP
 C = Vault XP percentage of total XP
 D = Non-vault monster count
 E = Vault monster count
 F = Vault count percentage of total count
                 A         B        C        D         E       F
            +---------+---------+-------+---------+---------+-------
      Total |     244 |      57 |  18.9 |      56 |      10 |  15.2
            +---------+---------+-------+---------+---------+-------
        D:1 |      21 |       3 |  12.5 |      14 |       2 |  12.5
        D:2 |      84 |       0 |   0.0 |      24 |       0 |   0.0
        D:3 |     139 |      54 |  28.0 |      18 |       8 |  30.8
            +---------+---------+-------+---------+---------+-------
